 Dungeon Crawl Stone Soup version 0.32-a0-791-gfc315c9ecd (webtiles) character file.

Game seed: 8441088518572186152

2079 porpoise the Spear-Bearer (level 9, 0/71 HPs)
             Began as a Demonspawn Gladiator on Mar 21, 2024.
             Was an Initiate of Yredelemnul.
             Killed from afar by Dowan (2 damage)
             ... with a puff of flame
             ... on level 7 of the Dungeon.
             The game lasted 00:14:49 (5330 turns).

porpoise the Spear-Bearer (Demonspawn Gladiator)    Turns: 5330, Time: 00:14:50

Health: 0/71       AC: 11    Str: 25    XL:     9   Next: 6%
Magic:  11/11      EV: 16    Int:  8    God:    Yredelemnul [......]
Gold:   328        SH:  5    Dex: 15    Spells: 8/8 levels left

rFire   . . .        a - +1 trident
rCold   . . .        (no shield)
rNeg    . . .        D - +0 ring mail
rPois   .            c - +1 helmet
rElec   .            r - +0 cloak
rCorr   .            (no gloves)
SInv    .            k - +1 pair of boots
Will    .....        v - amulet of reflection
Stlth   +            j - +6 ring of strength
HPRegen 0.31/turn    l - +5 ring of evasion
MPRegen 0.12/turn

%: reflection
@: lethally poisoned (0 -> -16), mesmerised, slowed, wreathed by umbra, studying
Maces & Flails, very slow
A: powered by pain 2, sharp scales 1, demonic touch 2, foul shadow 1
a: Renounce Religion, Light the Black Torch, Recall Undead Harvest


You were on level 7 of the Dungeon.
You worshipped Yredelemnul.
Yredelemnul was noncommittal.
You visited 2 branches of the dungeon, and saw 8 of its levels.

You collected 328 gold pieces.

Inventory:

Hand Weapons
 a - a +1 trident (weapon)
Missiles
 d - 3 throwing nets
 e - a javelin
 t - 2 boomerangs (quivered)
Armour
 c - a +1 helmet (worn)
 k - a +1 pair of boots (worn)
 r - a +0 cloak (worn)
 D - a +0 ring mail (worn)
Jewellery
 j - a +6 ring of strength (left hand)
 l - a +5 ring of evasion (right hand)
 v - an amulet of reflection (around neck)
Wands
 b - a wand of paralysis (13)
 E - a wand of warping (8)
Scrolls
 f - 6 scrolls of immolation
 g - a scroll of butterflies {unknown}
 m - a scroll of brand weapon {unknown}
 o - 3 scrolls of enchant weapon
 p - a scroll of blinking
 q - a scroll of fog
 u - a scroll of enchant armour
 x - a scroll of teleportation {unknown}
 y - a scroll of torment {unknown}
 z - a scroll of poison {unknown}
Potions
 h - 4 potions of lignification
 i - a potion of haste
 n - 3 potions of curing
 s - a potion of enlightenment
 w - a potion of mutation
 A - a potion of heal wounds
 B - a potion of invisibility
 C - a potion of berserk rage {unknown}


   Skills:
 + Level 6.9 Fighting
 * Level 9.1 Polearms
 - Level 1.7 Throwing
 - Level 2.6 Dodging
 + Level 3.7 Invocations


You had 8 spell levels left.
You didn't know any spells.
Your spell library contained the following spells:

 Spells                   Type           Power      Damage    Failure   Level
 Necrotise                Necr           0%         1d4       56%         1
 Ensorcelled Hibernation  Hex/Ice        0%         N/A       71%         2
 Sublimation of Blood     Necr           0%         N/A       71%         2
 Dazzling Flash           Conj/Hex       0%         N/A       90%         3
 Fugue of the Fallen      Necr           0%         N/A       90%         3
 Mephitic Cloud           Conj/Alch/Air  0%         N/A       90%         3
 Vampiric Draining        Necr           0%         2d6       90%         3
 Anguish                  Hex/Necr       0%         N/A       100%        4
 Martyr's Knell           Necr/Summ      0%         N/A       100%        4
 Petrify                  Alch/Erth      0%         N/A       100%        4
 Curse of Agony           Necr           0%         N/A       100%        5
 Irradiate                Conj/Alch      0%         3d11      100%        5
 Silence                  Hex/Air        0%         N/A       100%        5


Dungeon Overview and Level Annotations

Branches:
Dungeon (7/15)             Temple (1/1) D:6

Altars:
Ashenzari
Cheibriados
Dithmenos
Fedhas
Gozag
Hepliaklqana
Kikubaaqudgha
Nemelex Xobeh
Okawaru
Qazlal
Ru
Sif Muna
Trog
Uskayaw
Vehumet
Wu Jian
Xom
Yredelemnul

Portals:
Bailey: D:7

Annotations:
D:2 Sigmund
D:4 3 runed translucent doors, lotum's ghost, amateur DESu
D:5 2 runed translucent doors
D:7 Dowan; Duvessa; Maggie


Innate Abilities, Weirdness & Mutations

You sometimes gain power by taking damage.
You are partially covered in razor-sharp scales. (AC +1, Slay +1)
Your touch may inflict irresistible damage on your foes.
You are faintly shadowed, very rarely releasing foul flame when damaged in melee.


Message History

The goblin hits you from afar with a +0 spear.
The goblin barely misses you.
You are too injured to fight recklessly!
Unknown command.
You puncture the orc!
You kill the orc!
With your torch unlit, their soul goes wasted...
You feel very sick. Duvessa hits you with a +0 short sword.
* * * LOW HITPOINT WARNING * * *
The hornet closely misses you. Maggie misses you.
Maggie hits your orc priest zombie with a +1 war axe of flaming!
Maggie burns your orc priest zombie!
Your orc priest zombie is destroyed!
The black bear closely misses you. The black bear misses you. x2
Duvessa says, "When magic and the sword combine, nothing stands against them."
Duvessa hits you with a +0 short sword.
* * * LOW HITPOINT WARNING * * *
The hornet stings you but does no damage.
The goblin completely misses you. You block the goblin's attack.
You feel very sick. Duvessa closely misses you. The hornet closely misses you.
Maggie casts a spell.
Maggie attempts to bespell you!
You are mesmerised by Maggie!
An orc wizard comes into view. It is wielding a +0 dagger.
The black bear closely misses you. The black bear misses you. x2
You block the goblin's attack. The goblin hits you but does no damage.
The goblin hits you from afar with a +0 spear.
* * * LOW HITPOINT WARNING * * *
Duvessa closely misses you. The hornet stings you!
* * * LOW HITPOINT WARNING * * *
You are more poisoned.
You feel as though you will be slow longer.
Maggie misses you. The black bear misses you.
The black bear closely misses you. The black bear misses you.
Dowan gestures at you while chanting. The puff of flame hits you.
You die...
Your body rises from the dead as a mindless zombie.

........≈...≈.
.......≈>∩.≈.
......≈...≈. .
.....≈≈~≈≈. ...
..........
....##..gg.....
......y@)g.....
#.@h# #.ee#
#.#o.# #. ....
#. ..... ..
......# .#
...#... ..
o..##..


You could see Maggie (mesmerising), Duvessa (fast), a hornet, a black bear,
Dowan, an orc wizard (wandering), an orc and 3 goblins.

Vanquished Creatures
  A steam dragon (D:6)
  A water moccasin (D:5)
  An ice beast (D:6)
  A sky beast (D:5)
  A black bear (D:5)
  An ogre (D:5)
  A centaur (D:5)
  A phantom (D:6)
  2 scorpions (D:6)
  A bullfrog (D:6)
  7 wights
  A bombardier beetle (D:5)
  A howler monkey (D:4)
  3 hounds
  2 orc priests (D:7)
  Crazy Yiuf (D:2)
  3 sleepcaps
  3 iguanas
  2 orc wizards
  5 gnolls
  8 adders
  A shadow imp (D:5)
  2 ufetubi (D:6)
  2 dart slugs
  2 ribbon worms (D:2)
  13 orcs
  6 bats
  7 endoplasms
  6 goblins
  5 hobgoblins
  8 kobolds
  A quokka (D:1)
  9 ball pythons
  5 frilled lizards
  4 rats
118 creatures vanquished.

Vanquished Creatures (collateral kills)
  An ogre (D:6)
  An adder (D:6)
2 creatures vanquished.

Vanquished Creatures (others)
  An orc zombie (D:7)
  2 spectral ufetubi (D:6)
3 creatures vanquished.

Grand Total: 123 creatures vanquished

Notes
Turn   | Place    | Note
-------+----------+-------------------------------------------
     0 | D:1      | porpoise the Demonspawn Gladiator began the quest for the
                  | Orb.
     0 | D:1      | Reached XP level 1. HP: 16/16 MP: 1/1
    84 | D:1      | Reached skill level 3 in Polearms
   191 | D:1      | Gained mutation: You are faintly shadowed, very rarely
                  | releasing foul flame when damaged in melee. [demonic
                  | ancestry]
   191 | D:1      | Reached XP level 2. HP: 22/22 MP: 2/2
   843 | D:2      | Gained mutation: You sometimes gain a little power by
                  | taking damage. [demonic ancestry]
   843 | D:2      | Reached XP level 3. HP: 11/28 MP: 3/3
  1169 | D:2      | Found a runed translucent door.
  1170 | D:2      | Noticed Crazy Yiuf
  1181 | D:2      | Killed Crazy Yiuf
  1182 | D:2      | Reached skill level 4 in Polearms
  1182 | D:2      | Gained mutation: You are partially covered in razor-sharp
                  | scales. (AC +1, Slay +1) [demonic ancestry]
  1182 | D:2      | Reached XP level 4. HP: 8/35 MP: 4/4
  1379 | D:2      | Noticed Sigmund
  2000 | D:3      | Gained mutation: You sometimes gain power by taking damage.
                  | [demonic ancestry]
  2000 | D:3      | Reached XP level 5. HP: 37/41 MP: 5/5
  2321 | D:4      | Reached skill level 5 in Polearms
  2371 | D:4      | Found a runed translucent gate.
  2371 | D:4      | Found a runed translucent gate.
  2371 | D:4      | Found a runed translucent gate.
  2372 | D:4      | Noticed lotum's ghost (amateur DESu)
  2508 | D:4      | Gained mutation: Your touch may inflict minor irresistible
                  | damage on your foes. [demonic ancestry]
  2508 | D:4      | Reached XP level 6. HP: 45/48 MP: 6/6
  2995 | D:5      | Entered Level 5 of the Dungeon
  3009 | D:5      | Noticed a sky beast
  3023 | D:5      | Killed a sky beast
  3024 | D:5      | Reached skill level 6 in Polearms
  3094 | D:5      | Gained mutation: Your touch may inflict irresistible damage
                  | on your foes. [demonic ancestry]
  3094 | D:5      | Reached XP level 7. HP: 51/55 MP: 7/7
  3297 | D:5      | Reached skill level 5 in Fighting
  3303 | D:5      | Found a runed translucent door.
  3473 | D:5      | Reached skill level 7 in Polearms
  3669 | D:5      | Found a runed translucent door.
  3725 | D:5      | Found a shimmering blue altar of Sif Muna.
  3880 | D:5      | Reached XP level 8. HP: 60/64 MP: 8/8
  4267 | D:6      | Found a staircase to the Ecumenical Temple.
  4276 | D:6      | Reached skill level 8 in Polearms
  4287 | Temple   | Entered the Ecumenical Temple
  4293 | Temple   | Became a worshipper of Yredelemnul the Fallen
  4535 | D:6      | Reached skill level 1 in Invocations
  4770 | D:6      | Found a sparkling altar of Nemelex Xobeh.
  5153 | D:6      | Reached skill level 9 in Polearms
  5153 | D:6      | Reached XP level 9. HP: 58/71 MP: 11/11
  5318 | D:7      | Noticed Duvessa
  5318 | D:7      | Found a flagged portal.
  5320 | D:7      | Noticed Maggie
  5326 | D:7      | Noticed Dowan
  5330 | D:7      | HP: 2/71 [hornet (7)]
  5330 | D:7      | Killed from afar by Dowan

Illustrated notes

Levels and vault maps discovered:
D:1:      dpeg_arrival_rhombus, layout_basic, dreamdust_mushroom_princess
D:2:      layout_rooms, grunt_ministairs_2, nicolae_half_adder, uniq_sigmund,
          uniq_crazy_yiuf_cottage
D:3:      layout_basic, cheibrodos_gnoll_hut
D:4:      layout_cave_pools, gammafunk_ghost_split
D:5:      lemuel_insect_pit, layout_basic, mainiacjoe_overflow_24_doors,
          kennysheep_generic_room_4
D:6:      layout_loops_corners, nemelex_dance_club_becter,
          minmay_temple_entry_grid, amcnicky_mini_rare_corridor_liquid
D:7:      layout_cave_pools, enter_bailey_5, uniq_maggie, uniq_duvessa
Temple:   hellmonk_temple_of_storms

Skill      XL: |  1  2  3  4  5  6  7  8 |
---------------+-------------------------+-----
Polearms       | 3 4 5 6 7 9 |  9.1
Fighting       | 3 4 5 6 |  6.9
Invocations    | 3 |  3.7
Throwing       | |  1.7
Dodging        | |  2.6

Action                     |  1- 3 |  4- 6 |  7- 9 || total
---------------------------+-------+-------+-------++-------
  Melee: Trident           |    94 |   155 |   151 ||   400
         Touch             |       |     6 |    24 ||    30
  Throw: Boomerang         |       |       |     4 ||     4
    Use: Scroll            |     1 |     8 |     6 ||    15
   Stab: Sleeping          |     1 |     3 |       ||     4
         Distracted        |     1 |       |     3 ||     4
 Armour: Leather armour    |    25 |    53 |     3 ||    81
         Ring mail         |       |       |    61 ||    61
  Dodge: Dodged            |    49 |   133 |   103 ||   285
  Block: Other             |       |     5 |    28 ||    33

Table legend: (Time is in decaauts)
 A = Elapsed time spent in this place.
 B = Non-inter-level travel time spent in this place.
 C = Inter-level travel time spent in this place.
 D = Time resting spent in this place.
 E = Time spent auto-exploring this place.
 F = Levels seen in this place.
 G = Mean time per level.
                   A        B        C        D        E       F      G
               +--------+--------+--------+--------+--------+-----+--------+
         Total |   5338 |   5267 |     71 |   1380 |   2907 |   8 |  667.2 |
       Dungeon |   5325 |   5254 |     71 |   1380 |   2907 |   7 |  760.7 |
        Temple |     12 |     12 |      0 |      0 |      0 |   1 |   12.0 |
               +--------+--------+--------+--------+--------+-----+--------+

Top non-repeatable levels by time:
     D:6: 1246 daAuts
     D:5: 1053 daAuts
     D:3: 872 daAuts
     D:2: 732 daAuts
     D:1: 711 daAuts
     D:4: 697 daAuts
  Temple: 12 daAuts
     D:7: 11 daAuts
